 Dungeon Sprint DCSS version 0.28-a0-381-g937acc2988 (webtiles) character file.

Game seed: 10189429227518652202

10 thedisplayname the Skirmisher (level 2, -1/28 HPs)
             Began as a Hill Orc Fighter on Sept 1, 2021.
             Slain by a wyvern (14 damage)
             ... in the Dungeon (Sprint II: "The Violet Keep of Menkaure").
             The game lasted 00:00:21 (239 turns).

thedisplayname the Skirmisher (Hill Orc Fighter)     Turns: 239, Time: 00:00:22

Health: -1/28      AC:  7    Str: 18    XL:     2   Next: 20%
Magic:  2/2        EV:  9    Int:  8    God:
Gold:   243        SH:  4    Dex: 10    Spells: 1/1 levels left

rFire   . . .      SeeInvis .   a - +0 war axe
rCold   . . .      Faith    .   c - +0 buckler
rNeg    . . .      Spirit   .   b - +0 scale mail
rPois   .          Reflect  .   (no helmet)
rElec   .          Harm     .   (no cloak)
rCorr   .          Rampage  .   (no gloves)
Will    .....      NoTele   +   (no boots)
Stlth   ..........              (no amulet)
HPRegen 0.09/turn               (no ring)
MPRegen 0.08/turn               (no ring)

@: no status effects
A: no striking features
a: no special abilities


You were in the Dungeon.
You visited 1 branch You collected 243 gold pieces.

Inventory:

Hand Weapons
 a - a +0 war axe (weapon)
Armour
 b - a +0 scale mail (worn)
 c - a +0 buckler (worn)
Scrolls
 j - a scroll of blinking
Potions
 d - a potion of might
 e - a potion of curing
 f - a potion of heal wounds
 g - a potion of haste
 h - 2 potions of magic
 i - a potion of berserk rage


   Skills:
 + Level 4.4 Fighting
 + Level 3.5 Axes
 + Level 4.2 Armour
 + Level 4.1 Shields


You had one spell level left.
You didn't know any spells.
Your spell library was empty.

Dungeon Overview and Level Annotations

Branches:
Dungeon (1/1)

Altars:


Message History

You start resting.
You start resting.
HP restored.
You start waiting.
You see here a worm corpse.
You open the door.
A worm comes into view.
There is an open door here.
The worm closely misses you.
You slash the worm!
The worm is severely wounded.
The worm closely misses you.
You slash the worm!
You kill the worm!
Your Shields skill increases to level 4!
You see here a worm corpse.
There is an open door here.
You now have 243 gold pieces.
There is an open door here.
There is a staircase leading out of the dungeon here.
You open the door. 2 wyverns come into view.
The wyvern hisses angrily. x2
Found 243 gold pieces.
You hit the wyvern but do no damage. The wyvern closely misses you.
You block the wyvern's attack.
You closely miss the wyvern. You block the wyvern's attack.
The wyvern closely misses you.
You hit the wyvern.
The wyvern is lightly wounded.
The wyvern barely misses you. You block the wyvern's attack.
You closely miss the wyvern.
The wyvern is lightly wounded.
The wyvern hisses menacingly.
You block the wyvern's attack. The wyvern bites you!
Ouch! That really hurt!
There is a staircase leading out of the dungeon here.
The wyvern bites you!
Ouch! That really hurt!
You die...

## .# # ### .##
#. #+###.##..#
#.##.##...#..#
#l.l@'.##'..#
#$##.####.#....#
#. #+#
#†##......§ #
### ≈.....§
≈§≈≈..§ ≈≈≈≈≈.≈
≈≈≈§§≈≈ ≈≈≈≈§≈≈


You could see 2 wyverns.

Vanquished Creatures
  3 worms (D)
3 creatures vanquished.

Vanquished Creatures (others)
  Menkaure (D)
  A water moccasin (D)
2 creatures vanquished.

Grand Total: 5 creatures vanquished

Notes
Turn   | Place    | Note
-------+----------+-------------------------------------------
     0 | D        | thedisplayname the Hill Orc Fighter began the quest for the
                  | Orb.
     0 | D        | Reached XP level 1. HP: 19/19 MP: 1/1
     9 | D        | Reached XP level 2. HP: 15/28 MP: 2/2
    16 | D        | Killed Menkaure
   189 | D        | Killed a water moccasin
   233 | D        | Noticed a wyvern
   233 | D        | Noticed a wyvern
   239 | D        | Slain by a wyvern

Illustrated notes

Levels and vault maps discovered:
D:        the_violet_keep_of_menkaure [sprint2_stairs_cluster_1,
          sprint2_shoproom, sprint2_temple, sprint2_basic_supplies,
          sprint2_obstacle_1, sprint2_obstacle_6, sprint2_obstacle_7,
          sprint2_obstacle_2, sprint2_obstacle_4, sprint2_timed_cluster_1,
          sprint2_smallroom_cluster_1, sprint2_smallroom_final_cluster_1,
          sprint2_transparent_cluster_1, sprint2_second_timed_cluster_1,
          sprint2_sniper_area_1, sprint2_heavy_combat_area_1,
          sprint2_mutation_trap_area_1, sprint2_forest_area_1,
          sprint2_light_combat_area_1, sprint2_behind_water_1,
          sprint2_near_end_vault_1]

Skill      XL: |  1  2 |
---------------+-------+-----
Fighting       | 4 |  4.4
Axes           | 3 |  3.5
Armour         | 4 |  4.2
Shields        | 4 |  4.1

Action                   || total
-------------------------++-------
Melee: War axe           ||    11
Armor: Scale mail        ||     2
Dodge: Dodged            ||     5
Block: Buckler           ||     5

Table legend: (Time is in decaauts)
 A = Elapsed time spent in this place.
 B = Non-inter-level travel time spent in this place.
 C = Inter-level travel time spent in this place.
 D = Time resting spent in this place.
 E = Time spent auto-exploring this place.
 F = Levels seen in this place.
 G = Mean time per level.
                   A        B        C        D        E       F      G
               +--------+--------+--------+--------+--------+-----+--------+
         Total |    242 |    242 |      0 |    204 |      0 |   1 |  242.0 |
       Dungeon |    242 |    242 |      0 |    204 |      0 |   1 |  242.0 |
               +--------+--------+--------+--------+--------+-----+--------+

Top non-repeatable levels by time:
       D: 242 daAuts
